Map: Ultralove

Players

INMORTAL - Winner!

  • Race: Protoss Protoss
  • League: Diamond
  • Spawn Location: 1:00

SubN

  • Race: Zerg Zerg
  • League: Platinum
  • Spawn Location: 7:00

VOD

Have the link to the VOD?

Description

Time

  • Played on: July 20, 2025, 2:02 p.m.
  • Length: 7:09
Show
View Real Time Build Order
Export as new Build Order

INMORTAL Protoss - Winner!

Build Orders: 1 Gate Expand 

Get SALT Encoding   

  12  0:00  Probe  
  13  0:12  Probe  
  14  0:20  Pylon  
  14  0:24  Probe  
  15  0:35  Probe  
  15  0:40  Gateway  
  16  0:44  Probe  
  16  0:46  Assimilator  
  17  0:57  Probe  
  18  1:09  Probe  
  19  1:16  Pylon  
  19  1:29  Nexus  
  18  1:35  Zealot  
  18  1:37  Probe  
  19  1:43  Cybernetics Core  
  21  1:50  Pylon  
  21  1:54  Probe  
  22  2:05  Pylon  
  22  2:10  Stalker  
  22  2:13  Probe  
  23  2:17  Assimilator  
  25  2:26  Warp Gate  
  23  2:36  Probe  
  24  2:37  Adept  
  24  2:40  Gateway  
  24  2:50  Probe  
  25  3:02  Probe  
  26  3:06  Shield Battery  
  25  3:13  Stalker  
  25  3:17  Probe x2  
  29  3:29  Probe x2  
  29  3:31  Gateway  
  29  3:32  Gateway  
  31  3:41  Probe x2  
  33  3:52  Stalker  
  33  3:53  Probe x2  
  33  4:14  Stalker  
  33  4:15  Probe  
  29  4:18  Probe  
  29  4:23  Probe  
  32  4:27  Stalker  
  35  4:32  Probe  
  35  4:33  Probe  
  35  4:44  Probe  
  35  4:45  Probe  
  37  4:49  Stargate  
  37  4:56  Probe  
  37  4:57  Probe  
  39  5:00  Stalker x2  
  43  5:08  Probe  
  43  5:09  Probe  
  45  5:14  Stalker  
  45  5:19  Probe  
  45  5:21  Probe  
  48  5:27  Probe  
  48  5:28  Twilight Council  
  49  5:30  Pylon  
  49  5:32  Probe, Assimilator  
  51  5:36  Probe  
  51  5:40  Probe  
  52  5:48  Probe x2  
  58  5:54  Void Ray  
  59  6:00  Pylon, Probe  
  60  6:09  Probe  
  61  6:11  Nexus  
  61  6:13  Pylon  
  61  6:18  Stalker, Assimilator  
  63  6:35  Stalker x2  
  65  7:07  Stalker x2  
  65  7:08  Stalker  
Show
View Real Time Build Order
Export as new Build Order

SubN Zerg 

Build Orders: Pool First 

Get SALT Encoding   

  12  0:00  Drone  
  13  0:12  Overlord  
  13  0:21  Drone  
  14  0:30  Drone x2  
  16  0:41  Spawning Pool  
  15  0:44  Drone  
  15  0:48  Drone  
  17  0:52  Extractor  
  17  0:55  Drone  
  17  1:28  Queen  
  17  1:29  Zergling x6  
  22  1:37  Hatchery  
  21  1:49  Roach Warren  
  21  1:54  Drone  
  21  1:58  Drone  
  22  2:06  Overlord  
  21  2:32  Roach x2  
  25  2:37  Queen  
  26  2:53  Roach  
  26  2:54  Roach x2  
  32  3:03  Roach  
  34  3:10  Queen  
  35  3:20  Drone  
  35  3:22  Overlord  
  36  3:41  Roach x2  
  36  3:42  Roach  
  38  4:07  Zergling x12  
  40  4:30  Drone x4  
  40  4:31  Drone  
  43  4:36  Lair  
  41  4:43  Drone x3  
  41  4:44  Overlord  
  42  5:00  Metabolic Boost  
  41  5:13  Drone x3  
  44  5:19  Overlord x2  
  44  5:20  Overlord x2  
  44  5:33  Hatchery  
  43  5:43  Spire  
  43  5:45  Overseer  
  42  5:57  Drone x5  
  42  5:58  Drone x3  
  42  6:02  Extractor  
  49  6:04  Extractor x2  
  47  6:21  Drone x2  
  47  6:22  Drone  
  47  6:23  Drone x3  
  53  6:28  Zergling x6  
  52  6:37  Zergling x4  
  54  6:50  Zergling x10  
  54  6:51  Zergling x4  
Tags
 
Add a new tag
Caveats
  • Supply blocks, unpowered buildings, or Contaminate may cause inaccurate times.
  • Supply counts are checked every 10 seconds.